 Dungeon Crawl Stone Soup version 0.20.1-1-g8b1a95d (webtiles) character file.

6208 Megalobster the Destroyer (level 10, -1/56 HPs)
             Began as a Deep Elf Conjurer on July 16, 2017.
             Was an Initiate of Vehumet.
             Slain by a troll (9 damage)
             ... on level 9 of the Dungeon.
             The game lasted 00:50:49 (11602 turns).

Megalobster the Destroyer (Deep Elf Conjurer)      Turns: 11602, Time: 00:50:50

Health: -1/56      AC:  6    Str:  5    XL:     10   Next: 61%
Magic:  8/25       EV: 15    Int: 26    God:    Vehumet [......]
Gold:   374        SH: 11    Dex: 15    Spells: 12/27 levels left

rFire    + . .     SeeInvis .   A - +1 short sword (speed)
rCold    . . .     Gourm    .   k - +2 shield
rNeg     + . .     Faith    .   z - +1 robe of Zuecaypu {rF+ rN+ Int+2}
rPois    +         Spirit   .   s - +0 helmet
rElec    .         Reflect  .   v - +0 cloak
rCorr    .         Harm     .   L - +0 pair of gloves
MR       ++...                  (no boots)
Stlth    ++........             l - amulet of regeneration
Regen    0.6/turn               W - ring of protection from magic
MPRegen  0.2/turn               h - ring of poison resistance

@: very slightly contaminated
A: no striking features
a: Renounce Religion


You were on level 9 of the Dungeon.
You worshipped Vehumet.
Vehumet was noncommittal.
You were not hungry.

You visited 2 branches of the dungeon, and saw 10 of its levels.
You also visited: Ossuary.

You collected 512 gold pieces.
You spent 138 gold pieces at shops.

Inventory:

Hand Weapons
 A - a +1 short sword of speed (weapon)
 P - a +0 hunting sling
 V - a +1 quarterstaff of protection
Missiles
 e - 244 stones (quivered)
 r - 36 poisoned needles
 u - 34 sling bullets
Armour
 k - a +2 shield (worn)
 s - a +0 helmet (worn)
 v - a +0 cloak (worn)
 z - the +1 robe of Zuecaypu (worn) {rF+ rN+ Int+2}
   (You found it on level 4 of the Dungeon)

   It affects your intelligence (+2).
   It protects you from fire.
   It protects you from negative energy.
 L - a +0 pair of gloves (worn)
Jewellery
 h - a ring of poison resistance (right hand)
 l - an amulet of regeneration (around neck)
 W - a ring of protection from magic (left hand)
 Y - an uncursed amulet of rage
Wands
 y - a wand of iceblast (7/15)
 G - a wand of lightning (9/15)
 H - a wand of flame (20/48)
 I - a wand of paralysis (13/24)
 K - a wand of polymorph (12/24)
 O - a wand of digging (6/24)
 X - a wand of polymorph (11/24)
Scrolls
 a - a scroll of brand weapon
 d - 2 scrolls of magic mapping
 i - 6 scrolls of remove curse
 j - 2 scrolls of immolation
 n - 4 scrolls of enchant armour
 p - 6 scrolls of teleportation
 B - 2 scrolls of noise {unknown}
 N - a scroll of recharging {unknown}
 R - 2 scrolls of fear
 U - 2 scrolls of amnesia
Potions
 f - 4 potions of curing
 g - a potion of ambrosia
 m - 4 potions of agility
 o - a potion of might
 q - 3 potions of magic
 t - a potion of berserk rage {unknown}
 w - a potion of flight {unknown}
 x - 4 potions of heal wounds
 C - 3 potions of mutation
 D - 2 potions of degeneration {unknown}
 E - a potion of invisibility {unknown}
 J - 3 potions of lignification
 Q - a potion of cancellation {unknown}
 S - 2 potions of brilliance
 T - 2 potions of haste {unknown}
Books
 b - a book of Conjurations

   Spells                             Type                      Level
   a - Magic Dart                     Conjuration                  1
   b - Searing Ray                    Conjuration                  2
   c - Dazzling Spray                 Conjuration/Hexes            3
   d - Fulminant Prism                Conjuration/Hexes            4
   e - Force Lance                    Conjuration/Translocation    4
   f - Iskenderun's Mystic Blast      Conjuration                  4
Comestibles
 c - 9 bread rations
 F - 4 meat rations
 M - 4 chunks of flesh


   Skills:
 + Level 3.9 Fighting
 + Level 7.0 Dodging
 + Level 2.8 Stealth
 * Level 6.4 Shields
 + Level 9.0 Spellcasting
 * Level 11.0 Conjurations
 - Level 3.0 Hexes
 - Level 2.7 Translocations


You had 12 spell levels left.
You knew the following spells:

 Your Spells              Type           Power        Failure   Level  Hunger
a - Magic Dart            Conj           ####         1%          1    None
b - Searing Ray           Conj           ######       1%          2    None
c - Iskenderun's Mystic   Conj           ######..     1%          4    #......
d - Fulminant Prism       Conj/Hex       #####.....   9%          4    #......
e - Force Lance           Conj/Tloc      #####...     9%          4    #......


Dungeon Overview and Level Annotations

Branches:
Dungeon (9/15)             Temple (1/1) D:6            Lair (0/6) D:9
    Orc (0/2) D:9

Altars:
Ashenzari
Dithmenos
Elyvilon
Fedhas
Gozag
Hepliaklqana
Kikubaaqudgha
Makhleb
Nemelex Xobeh
Okawaru
Qazlal
Ru
Sif Muna
Trog
Uskayaw
Vehumet
Xom
Yredelemnul
Zin
The Shining One

Shops:
D:8 ?

Annotations:
D:7 2 transporters


Message History

The bullfrog hits you.
Casting: Force Lance
Confirm with . or Enter, or press ? or * to list all spells.
Aiming: Force Lance
Press: ? - help, Shift-Dir - straight line, f - bullfrog
Aim: a bullfrog (severely wounded)
The lance of force hits the bullfrog.
You kill the bullfrog!
Vehumet accepts your kill.
Casting: Force Lance
Confirm with . or Enter, or press ? or * to list all spells.
Aiming: Iskenderun's Mystic Blast
Press: ? - help, Shift-Dir - straight line, f - troll
Aim: a troll (heavily wounded)
The orb of energy hits the troll.
The troll is almost dead.
The orb of energy explodes!
The troll bites you!
* * * LOW HITPOINT WARNING * * *
The troll claws you!
You die...

.. ####### .# .......
.# ...#...###.#
.........#.#
...#..T#.#.# #####+##
.......@...# #.......
#########(## #.......
##.# ###.......
#####..#####.'.......
..............#.......
.####..########......<
#.# #....... #.
####'### #. #....


You could see a troll.

Vanquished Creatures
  The ghost of Inarius the Tormented, a novice DsNe of Kikubaaqudgha (D:8)
  The ghost of Rhok the Cleaver, a novice MiFi (D:5)
  Joseph (D:7)
  A hippogriff (D:9)
  A spriggan (D:7)
  A water moccasin (D:9)
  A hornet zombie (D:7)
  2 ice beasts (D:7)
  4 orc warriors
  A phantom (D:9)
  5 necrophages
  8 ogres
  3 centaurs
  A crocodile (D:8)
  An elf zombie (D:7)
  6 bullfrogs
  3 water moccasin zombies (Ossuary)
  3 scorpions
  2 wights (D:7)
  2 howler monkeys
  3 crimson imps
  A quasit (D:5)
  5 orc priests
  4 hounds
  9 orc wizards
  A human zombie (D:7)
  A bullfrog skeleton (D:4)
  A human skeleton (D:7)
  Jessica (D:3)
  Ijyb (D:3)
  2 iguanas
  8 worker ants
  2 big kobold zombies (Ossuary)
  4 hound skeletons
  6 mummies
  7 adders
  7 gnolls
  2 worker ant zombies
  A shadow imp (D:6)
  An ooze (D:1)
  An adder skeleton (D:5)
  3 adder zombies (Ossuary)
  3 worms
  2 dart slugs
  10 leopard geckos
  37 orcs
  A bat skeleton (D:2)
  3 bat zombies (D:2)
  6 giant cockroaches
  4 goblins
  7 hobgoblins
  11 jackals
  6 quokkas
  2 ball pythons
  A ball python skeleton (D:4)
  9 bats
  7 frilled lizards
  4 gnoll zombies (Ossuary)
  2 hobgoblin zombies (Ossuary)
  A jackal skeleton (D:5)
  3 kobolds
  3 kobold zombies (Ossuary)
  A leopard gecko zombie (D:7)
  3 orc zombies (Ossuary)
  2 quokka skeletons
  11 rats
258 creatures vanquished.

Vanquished Creatures (others)
  An orc (D:6)
  27 fulminant prisms
28 creatures vanquished.

Grand Total: 286 creatures vanquished

Notes
Turn   | Place    | Note
-------+----------+-------------------------------------------
     0 | D:1      | Megalobster the Deep Elf Conjurer began the quest for the Orb.
     0 | D:1      | Reached XP level 1. HP: 10/10 MP: 6/6
   218 | D:1      | Reached XP level 2. HP: 15/15 MP: 4/8
   222 | D:1      | Learned a level 2 spell: Searing Ray
   270 | D:1      | Reached skill level 5 in Conjurations
  1004 | D:2      | Reached XP level 3. HP: 19/19 MP: 5/10
  1150 | D:2      | Found a shattered altar of Ashenzari.
  1237 | D:2      | Found an ancient bone altar of Kikubaaqudgha.
  1714 | D:2      | Reached XP level 4. HP: 24/24 MP: 8/11
  1724 | D:2      | Learned a level 4 spell: Iskenderun's Mystic Blast
  2103 | D:3      | Found a shadowy altar of Dithmenos.
  2133 | D:3      | Noticed Ijyb
  2143 | D:3      | Killed Ijyb
  2143 | D:3      | Reached skill level 6 in Conjurations
  2476 | D:3      | Noticed Jessica
  2496 | D:3      | Killed Jessica
  2496 | D:3      | Reached XP level 5. HP: 27/28 MP: 3/13
  2604 | D:3      | Found a bloodstained altar of Trog.
  2761 | D:3      | Learned a level 4 spell: Force Lance
  3129 | D:4      | Got a transparent robe
  3140 | D:4      | Identified the +1 robe of Zuecaypu {rF+ rN+ Int+2} (You found it on level 4 of the Dungeon)
  3234 | D:4      | Reached skill level 7 in Conjurations
  3290 | D:4      | Reached skill level 5 in Spellcasting
  3331 | D:4      | Reached skill level 1 in Translocations
  3331 | D:4      | Reached XP level 6. HP: 32/32 MP: 9/15
  3337 | D:4      | Learned a level 4 spell: Fulminant Prism
  3446 | D:4      | Found a glowing golden altar of the Shining One.
  3585 | D:4      | Reached skill level 1 in Shields
  3677 | D:4      | Reached skill level 1 in Hexes
  3920 | D:4      | Reached XP level 7. HP: 36/36 MP: 13/17
  4363 | D:5      | Entered Level 5 of the Dungeon
  4363 | D:5      | Noticed Rhok's ghost (novice MiFi)
  4371 | D:5      | Killed Rhok's ghost
  4371 | D:5      | Reached skill level 8 in Conjurations
  4603 | D:5      | Reached XP level 8. HP: 41/41 MP: 13/19
  4912 | D:5      | Reached skill level 1 in Fighting
  4961 | D:5      | Found a hazy altar of Hepliaklqana.
  5784 | D:6      | Found a staircase to the Ecumenical Temple.
  5889 | D:6      | Found a sand-covered staircase.
  5948 | Ossuary  | Entered an ossuary
  5957 | Ossuary  | Reached skill level 9 in Conjurations
  6375 | Ossuary  | Reached XP level 9. HP: 23/48 MP: 0/21
  6944 | D:6      | Found a shimmering altar of Xom.
  7303 | Temple   | Entered the Ecumenical Temple
  7921 | D:7      | Found a transporter.
  7922 | D:7      | Noticed a centaur warrior
  7924 | D:7      | Found a burning altar of Makhleb.
  8007 | D:7      | Found a basalt altar of Yredelemnul.
  8163 | D:7      | Reached skill level 5 in Dodging
  8390 | D:7      | Reached skill level 5 in Shields
  8512 | D:7      | Found an ancient bone altar of Kikubaaqudgha.
  8623 | D:7      | Reached skill level 10 in Conjurations
  8655 | D:7      | Found a transporter.
  9377 | D:8      | Found Ryckaic's Magic Scroll Emporium.
  9397 | D:8      | Noticed Inarius's ghost (novice DsNe)
  9400 | D:8      | Reached XP level 10. HP: 56/56 MP: 12/24
  9534 | D:8      | Noticed Joseph
  9555 | D:7      | Killed Joseph
 10247 | D:8      | Killed Inarius's ghost
 10443 | D:8      | Bought a scroll of fear for 42 gold pieces
 10458 | D:8      | Bought a scroll of identify for 24 gold pieces
 10458 | D:8      | Bought a scroll of identify for 24 gold pieces
 10458 | D:8      | Bought a scroll of identify for 24 gold pieces
 10458 | D:8      | Bought a scroll of identify for 24 gold pieces
 10502 | D:8      | Found a blossoming altar of Fedhas.
 10915 | D:9      | Found a staircase to the Orcish Mines.
 11051 | D:9      | Found a staircase to the Lair.
 11068 | D:9      | Found a blossoming altar of Fedhas.
 11367 | D:9      | Found a radiant altar of Vehumet.
 11376 | D:9      | Became a worshipper of Vehumet
 11500 | D:9      | Reached skill level 11 in Conjurations
 11602 | D:9      | Slain by a troll

Skill      XL: |  1  2  3  4  5  6  7  8  9 10 |
---------------+-------------------------------+-----
Conjurations   | 5 6 7 8 9 10 11 | 11.0
Spellcasting   | 4 5 6 7 8 9 |  9.0
Translocations | 1 2 |  2.7
Shields        | 1 2 4 5 6 |  6.4
Hexes          | 1 3 |  3.0
Dodging        | 4 5 7 |  7.0
Fighting       | 1 3 |  3.9
Stealth        | |  2.8

Action                   |  1- 3 |  4- 6 |  7- 9 | 10-12 || total
-------------------------+-------+-------+-------+-------++-------
Melee: Short sword       |       |       |     2 |     5 ||     7
Throw: Stone             |       |       |     1 |       ||     1
 Cast: Magic Dart        |    77 |    34 |   123 |    46 ||   280
       Searing Ray       |     7 |    26 |    52 |    17 ||   102
       Fulminant Prism   |       |       |    18 |     9 ||    27
       Force Lance       |       |       |    24 |    15 ||    39
       Iskenderun's Myst |       |       |     8 |     8 ||    16
  Use: Scroll            |       |       |       |    18 ||    18
       Potion            |       |       |       |     3 ||     3
  Eat: Chunk             |     2 |     5 |    11 |     7 ||    25
       Royal jelly       |       |     1 |     3 |       ||     4
       Bread ration      |       |       |     1 |       ||     1
Armor: Robe              |     7 |     3 |    14 |     8 ||    32
Dodge: Dodged            |    15 |    10 |    44 |    25 ||    94
Block: Buckler           |       |       |    16 |       ||    16
       Shield            |       |       |    20 |    22 ||    42
